 Dungeon Crawl Stone Soup version 0.16-a0-3939-g9a3e665 (webtiles) character file.

4 Sixotanaka the Sneak (level 1, -1/10 HPs)
             Began as a Kobold Enchanter on Feb 6, 2015.
             Slain by a kobold
             ... wielding a +0 whip
              (2 damage)
             ... on level 1 of the Dungeon.
             The game lasted 00:00:45 (208 turns).

Sixotanaka the Sneak (Kobold Enchanter)              Turns: 208, Time: 00:00:46

Health: -1/10      AC:  3    Str:  6    XL:     1   Next: 66%
Magic:  3/3        EV: 15    Int: 13    God:
Gold:   68         SH:  0    Dex: 16    Spells: 1 memorised, 3 levels left

rFire  . . .     SeeInvis .     a - +1 dagger
rCold  . . .     Clarity  .     b - +1 robe
rNeg   . . .     SustAb   .     (no shield)
rPois  .         Gourm    .     (no helmet)
rElec  .         Spirit   .     (no cloak)
rCorr  .         Warding  .     (no gloves)
rMut   .         Stasis   .     (no boots)
MR     .....                    (no amulet)
Stlth  +++.......               (no ring)
                                (no ring)

@: not resistant to hostile enchantments, fairly stealthy
A: carnivore 3
a: no special abilities


You were on level 1 of the Dungeon.
You were not hungry.

You visited 1 branch of the dungeon, and saw 1 of its levels.

You collected 68 gold pieces.


Innate Abilities, Weirdness & Mutations

You are small and have problems with some larger weapons.
You are carnivorous and can eat meat at any time.


   Skills:
 + Level 1.8 Short Blades
 - Level 2.4 Dodging
 + Level 4.2 Stealth
 - Level 2.0 Spellcasting
 - Level 3.0 Hexes


You had 3 spell levels left.
You knew the following spells:

 Your Spells              Type           Power        Failure   Level  Hunger
z - Corona                Hex            #......      10%         1    ##.....


Dungeon Overview and Level Annotations

Branches:
Dungeon (1/15)

Altars:

Inventory:

Hand weapons
 a - a +1 dagger (weapon)
Armour
 b - a +1 robe (worn)
Scrolls
 e - a scroll of magic mapping {unknown}
 f - a scroll of remove curse {unknown}
Potions
 g - a potion of magic {unknown}
Books
 c - a book of Maledictions
Comestibles
 d - a meat ration

#.# ...#.# ....#.# ...#.# ....#
...# .l# ###K####### ########
#..@......######### .......#
#.#.##............# .......# #
#>##............# .......#####
#.##............# ............
#(##............# )###########
#(##............# ....#
#.##............# .##'##
######.##............#
.#...######....#...............#


You could see a giant gecko and a kobold.


Message History

You hit the hobgoblin. The hobgoblin completely misses you.
You hit the hobgoblin.
You kill the hobgoblin!
No target in view!
Things that are here:
a club; a hobgoblin corpse
Found 15 gold pieces.
No target in view!
You now have 32 gold pieces (gained 15).
Found 18 gold pieces and a smoky grey potion.
A bat comes into view.
A bat is nearby!
Found 18 gold pieces.
The bat misses you. The bat closely misses you. The bat misses you.
The bat misses you.
You hit the bat but do no damage. The bat misses you.
The bat closely misses you. x2
You closely miss the bat. The bat barely misses you.
The bat hits you but does no damage.
You miss the bat. The bat hits you but does no damage.
You miss the bat. The bat hits you but does no damage.
The bat barely misses you. The bat misses you. The bat barely misses you.
The bat hits you but does no damage.
You barely miss the bat. The bat closely misses you. The bat misses you.
You closely miss the bat. The bat closely misses you.
You hit the bat.
You kill the bat!
No target in view!
No target in view!
No target in view!
No target in view!
No target in view!
No target in view!
No target in view!
No target in view!
No target in view!
No target in view!
No target in view!
No target in view!
No target in view!
g - a smoky grey potion You now have 50 gold pieces (gained 18).
You now have 68 gold pieces (gained 18).
Found a stone staircase leading down.
A kobold comes into view. It is wielding a whip.
A kobold is nearby!
A giant gecko comes into view.
The kobold shouts!
The kobold throws a stone.
The stone hits you.
You see here a stone.
The kobold throws a stone.
The stone closely misses you.
The kobold throws a stone.
The stone hits you.
There is a stone staircase leading down here.
You see here a stone.
You hit the kobold but do no damage. The kobold hits you but does no damage.
You hit the kobold but do no damage. The kobold closely misses you.
You hit the kobold. The kobold misses you.
You barely miss the kobold. The kobold hits you with a whip.
Ouch! That really hurt!
* * * LOW HITPOINT WARNING * * *
You are too injured to fight recklessly!
You completely miss the kobold. The kobold hits you with a whip.
* * * LOW HITPOINT WARNING * * *
You hit the kobold but do no damage. You closely miss the kobold.
The kobold barely misses you.
You hit the kobold. The kobold hits you with a whip.
You die...

Action                   || total
-------------------------++-------
Melee: Dagger            ||    28
  Eat: Chunk             ||     1

Vault maps used:
D:1:      dpeg_arrival_tiny_g

Notes
Turn   | Place    | Note
--------------------------------------------------------------
     0 | D:1      | Sixotanaka, the Kobold Enchanter, began the quest for the Orb.
     0 | D:1      | Reached XP level 1. HP: 10/10 MP: 3/3
   204 | D:1      | HP: 2/10 [kobold/whip (5)]
   208 | D:1      | Slain by a kobold

Vanquished Creatures
  A bat (D:1)
  2 hobgoblins (D:1)
3 creatures vanquished.
